TOP OF THE 1ST |
Tennessee Volunteers batting - Pitching for Georgetown Hoyas : RHP Jon Jenkins
|
Pitching: RHP Jon Jenkins
|
|
Batting: RHB John Jones
|
0-0: Fly out, F4 (Popup, 4D)
|
Batting: RHB Kevin Manning
|
0-0: Ball 1-0: Called Strike 1-1: Swinging Strike 1-2: Foul Ball, location: 2F 1-2: Ball 2-2: Strikes out swinging
|
Batting: RHB Travis Colbert
|
0-0: Called Strike 0-1: Fly out, F8 (Flyball, 8RM)
|
Top of the 1st over - 0 run(s), 0 hit(s), 0 error(s), 0 left on base; Tennessee 0 - Georgetown 0 |
BOTTOM OF THE 1ST |
Georgetown Hoyas batting - Pitching for Tennessee Volunteers : RHP Lorenzo Mesquit
|
Pitching: RHP Lorenzo Mesquit
|
|
Batting: RHB Bob Lee
|
0-0: Called Strike 0-1: Fly out, F7 (Flyball, 7S)
|
Batting: LHB José De La Cruz
|
0-0: Called Strike 0-1: Ground out 4-3 (Groundball, 4M)
|
Batting: RHB Hubert MacDonald
|
0-0: Ground out 6-3 (Groundball, 6)
|
Bottom of the 1st over - 0 run(s), 0 hit(s), 0 error(s), 0 left on base; Tennessee 0 - Georgetown 0 |
TOP OF THE 2ND |
Tennessee Volunteers batting - Pitching for Georgetown Hoyas : RHP Jon Jenkins
|
Batting: RHB Tanner Albert
|
0-0: Ball 1-0: Fly out, F9 (Flyball, 9M)
|
Batting: LHB Bernardo Morales
|
0-0: Ball 1-0: Foul Ball, location: 2F 1-1: Reached on error, E4 (Groundball, 4)
|
Batting: RHB Mike Alexander
|
0-0: Called Strike 0-1: Ball 1-1: Ball 2-1: Ball 3-1: Foul Ball, location: 2F 3-2: Foul Ball, location: 2F 3-2: Base on Balls Bernardo Morales to second
|
Batting: LHB Vernon Hill
|
0-0: Called Strike 0-1: Ball 1-1: Fly out, F4 (Popup, 4D)
|
Batting: RHB José Rosales
|
0-0: Ball 1-0: Foul Ball, location: 2F 1-1: Ball 2-1: Called Strike 2-2: Ball 3-2: Fly out, F4 (Popup, 34)
|
Top of the 2nd over - 0 run(s), 0 hit(s), 1 error(s), 2 left on base; Tennessee 0 - Georgetown 0 |
BOTTOM OF THE 2ND |
Georgetown Hoyas batting - Pitching for Tennessee Volunteers : RHP Lorenzo Mesquit
|
Batting: LHB Ken Bullard
|
0-0: Called Strike 0-1: Called Strike 0-2: Ground out 4-3 (Groundball, 4)
|
Batting: RHB Brian Harvey
|
0-0: Foul Ball, location: 2F 0-1: Ball 1-1: Foul Ball, location: 2F 1-2: SOLO HOME RUN (Flyball, 7D), Distance : 366 ft
|
Batting: RHB Glenn Rojas
|
0-0: Called Strike 0-1: Foul Ball, location: 2F 0-2: Strikes out swinging
|
Batting: LHB Chris Smith
|
0-0: Ball 1-0: Ground out 1-3 (Groundball, 2L)
|
Bottom of the 2nd over - 1 run(s), 1 hit(s), 0 error(s), 0 left on base; Tennessee 0 - Georgetown 1 |
TOP OF THE 3RD |
Tennessee Volunteers batting - Pitching for Georgetown Hoyas : RHP Jon Jenkins
|
Batting: RHB Dave Johnston
|
0-0: Called Strike 0-1: SINGLE (Line Drive, 6D)
|
Batting: RHB John Jones
|
0-0: SINGLE (Groundball, 6MD) Dave Johnston to second Runner from 2nd tries for 3rd, SAFE, throw made to third
|
Batting: RHB Kevin Manning
|
0-0: Called Strike 0-1: Ball 1-1: Foul Ball, location: 2F 1-2: Strikes out swinging
|
Batting: RHB Travis Colbert
|
0-0: SINGLE (Line Drive, 34D) Dave Johnston scores John Jones to second Runner from 2nd tries for 3rd, SAFE, no throw or cutoff
|
Batting: RHB Tanner Albert
|
0-0: Ball Travis Colbert is caught stealing 2nd base 1-0: Called Strike 1-1: Ball 2-1: SINGLE (Flyball, 8LS) John Jones scores
|
Batting: LHB Bernardo Morales
|
0-0: Ball 1-0: Foul Ball, location: 2F 1-1: Ball 2-1: Ball 3-1: Foul Ball, location: 2F 3-2: Strikes out looking
|
Top of the 3rd over - 2 run(s), 4 hit(s), 0 error(s), 1 left on base; Tennessee 2 - Georgetown 1 |
BOTTOM OF THE 3RD |
Georgetown Hoyas batting - Pitching for Tennessee Volunteers : RHP Lorenzo Mesquit
|
Batting: LHB Robinson Ordóñez
|
0-0: Called Strike 0-1: Fly out, F5 (Popup, 5SF)
|
Batting: RHB James Anderson
|
0-0: Ground out 3-1 (Groundball, 34)
|
Batting: RHB Bob Lee
|
0-0: Ball 1-0: Ball 2-0: Ball 3-0: Called Strike 3-1: Ground out 6-3 (Groundball, 6)
|
Bottom of the 3rd over - 0 run(s), 0 hit(s), 0 error(s), 0 left on base; Tennessee 2 - Georgetown 1 |
TOP OF THE 4TH |
Tennessee Volunteers batting - Pitching for Georgetown Hoyas : RHP Jon Jenkins
|
Batting: RHB Mike Alexander
|
0-0: SINGLE (Groundball, 4MD)
|
Batting: LHB Vernon Hill
|
0-0: Ball 1-0: Ball 2-0: Ball 3-0: Called Strike 3-1: Called Strike 3-2: Fly out, F6 (Popup, 6MD)
|
Batting: RHB José Rosales
|
0-0: Ball 1-0: Called Strike 1-1: Foul Ball, location: 2F 1-2: Foul Ball, location: 2F 1-2: Strikes out swinging
|
Batting: RHB Dave Johnston
|
0-0: Called Strike 0-1: Ball 1-1: Swinging Strike 1-2: SINGLE (Line Drive, 8LS) Mike Alexander to second Mike Alexander to third
|
Batting: RHB John Jones
|
0-0: Ball 1-0: Fly out, F7 (Flyball, 78M)
|
Top of the 4th over - 0 run(s), 2 hit(s), 0 error(s), 2 left on base; Tennessee 2 - Georgetown 1 |
BOTTOM OF THE 4TH |
Georgetown Hoyas batting - Pitching for Tennessee Volunteers : RHP Lorenzo Mesquit
|
Batting: LHB José De La Cruz
|
0-0: Called Strike 0-1: Foul Ball, location: 2F 0-2: Ball 1-2: Ball 2-2: Ball 3-2: Strikes out swinging
|
Batting: RHB Hubert MacDonald
|
0-0: Swinging Strike 0-1: Called Strike 0-2: Strikes out swinging
|
Batting: LHB Ken Bullard
|
0-0: Swinging Strike 0-1: Foul Ball, location: 2F 0-2: Fly out, F8 (Flyball, 8LM)
|
Bottom of the 4th over - 0 run(s), 0 hit(s), 0 error(s), 0 left on base; Tennessee 2 - Georgetown 1 |
TOP OF THE 5TH |
Tennessee Volunteers batting - Pitching for Georgetown Hoyas : RHP Jon Jenkins
|
Batting: RHB Kevin Manning
|
0-0: Called Strike 0-1: Ball 1-1: Ball 2-1: Called Strike 2-2: Strikes out swinging
|
Batting: RHB Travis Colbert
|
0-0: SINGLE (Groundball, 4MD)
|
Batting: RHB Tanner Albert
|
0-0: Called Strike Travis Colbert steals 2nd base 0-1: Ball 1-1: Foul Ball, location: 2F 1-2: Foul Ball, location: 2F 1-2: Ball 2-2: Foul Ball, location: 2F 2-2: Ball 3-2: DOUBLE (Line Drive, 7LS) Travis Colbert scores
|
Batting: LHB Bernardo Morales
|
0-0: Ball 1-0: Ball 2-0: Ball 3-0: Called Strike 3-1: Base on Balls
|
Pitching: RHP Don Jones
|
|
Batting: RHB Mike Alexander
|
0-0: Swinging Strike 0-1: Ball 1-1: Foul Ball, location: 2F 1-2: Ball 2-2: Fly out, F7 (Line Drive, 78S)
|
Batting: LHB Vernon Hill
|
0-0: Called Strike 0-1: Ball 1-1: Ground out U3 (Groundball, 3L)
|
Top of the 5th over - 1 run(s), 2 hit(s), 0 error(s), 2 left on base; Tennessee 3 - Georgetown 1 |
BOTTOM OF THE 5TH |
Georgetown Hoyas batting - Pitching for Tennessee Volunteers : RHP Lorenzo Mesquit
|
Batting: RHB Brian Harvey
|
0-0: Foul Ball, location: 2F 0-1: Ball 1-1: Ball 2-1: Ground out 1-3 (Groundball, 13S)
|
Batting: RHB Glenn Rojas
|
0-0: Swinging Strike 0-1: Foul Ball, location: 2F 0-2: Strikes out swinging
|
Batting: LHB Chris Smith
|
0-0: Ground out U3 (Groundball, 3)
|
Bottom of the 5th over - 0 run(s), 0 hit(s), 0 error(s), 0 left on base; Tennessee 3 - Georgetown 1 |
TOP OF THE 6TH |
Tennessee Volunteers batting - Pitching for Georgetown Hoyas : RHP Don Jones
|
Batting: RHB José Rosales
|
0-0: Swinging Strike 0-1: Ball 1-1: Ball 2-1: Ball 3-1: Base on Balls
|
Batting: RHB Dave Johnston
|
0-0: Ball 1-0: Ball 2-0: Called Strike 2-1: Ball 3-1: Base on Balls José Rosales to second
|
Batting: RHB John Jones
|
0-0: Ball 1-0: Ball 2-0: Ball 3-0: Called Strike 3-1: Base on Balls José Rosales to third Dave Johnston to second
|
Batting: RHB Kevin Manning
|
0-0: Ball 1-0: Foul Ball, location: 2F 1-1: Ball 2-1: Ball 3-1: Base on Balls José Rosales scores Dave Johnston to third John Jones to second
|
Pitching: LHP Joseph Elliott
|
|
Batting: RHB Travis Colbert
|
0-0: Ball 1-0: Ball 2-0: Called Strike 2-1: Ball 3-1: Foul Ball, location: 2F 3-2: Foul Ball, location: 2F 3-2: Strikes out swinging
|
Batting: RHB Tanner Albert
|
0-0: Ball 1-0: Ball 2-0: Ball 3-0: Base on Balls Dave Johnston scores John Jones to third Kevin Manning to second
|
Batting: LHB Bernardo Morales
|
0-0: Ball 1-0: Fly out, F7 (Flyball, 78D) Runner from 3rd tags up, SCORES, no throw
|
Batting: RHB Mike Alexander
|
0-0: Called Strike 0-1: Swinging Strike 0-2: Ball 1-2: Ball Wild Pitch! Kevin Manning to third Tanner Albert to second 2-2: Foul Ball, location: 2F 2-2: Strikes out swinging
|
Top of the 6th over - 3 run(s), 0 hit(s), 0 error(s), 2 left on base; Tennessee 6 - Georgetown 1 |
BOTTOM OF THE 6TH |
Georgetown Hoyas batting - Pitching for Tennessee Volunteers : RHP Lorenzo Mesquit
|
Batting: LHB Robinson Ordóñez
|
0-0: Swinging Strike 0-1: Ball 1-1: Called Strike 1-2: Ball 2-2: SINGLE (Line Drive, 4M)
|
Batting: RHB James Anderson
|
0-0: Ground out 3-1 (Groundball, 34S) Robinson Ordóñez to second
|
Batting: RHB Bob Lee
|
0-0: Foul Ball, location: 2F 0-1: Foul Ball, location: 2F 0-2: Hit by Pitch
|
Batting: LHB José De La Cruz
|
0-0: Grounds into double play, 4-6-3 (Groundball, 4)
|
Bottom of the 6th over - 0 run(s), 1 hit(s), 0 error(s), 1 left on base; Tennessee 6 - Georgetown 1 |
TOP OF THE 7TH |
Tennessee Volunteers batting - Pitching for Georgetown Hoyas : LHP Joseph Elliott
|
Batting: LHB Vernon Hill
|
0-0: Ball 1-0: Called Strike 1-1: Ball 2-1: Ball 3-1: Called Strike 3-2: Strikes out swinging
|
Pitching: RHP Brandon Lee
|
|
Batting: RHB José Rosales
|
0-0: Ball 1-0: Foul Ball, location: 2F 1-1: Called Strike 1-2: Strikes out looking
|
Batting: RHB Dave Johnston
|
0-0: Ball 1-0: Ball 2-0: Fly out, F5 (Popup, 5)
|
Top of the 7th over - 0 run(s), 0 hit(s), 0 error(s), 0 left on base; Tennessee 6 - Georgetown 1 |
BOTTOM OF THE 7TH |
Georgetown Hoyas batting - Pitching for Tennessee Volunteers : RHP Lorenzo Mesquit
|
Batting: RHB Hubert MacDonald
|
0-0: Called Strike 0-1: Foul Ball, location: 2F 0-2: Ground out 6-3 (Groundball, 6)
|
Batting: LHB Ken Bullard
|
0-0: Called Strike 0-1: Fly out, F6 (Line Drive, 6)
|
Batting: RHB Brian Harvey
|
0-0: Ball 1-0: Ball 2-0: Ball 3-0: Foul Ball, location: 2F 3-1: Base on Balls
|
Batting: RHB Glenn Rojas
|
0-0: Called Strike 0-1: Ball 1-1: Called Strike 1-2: Ground out 5-3 (Groundball, 5S)
|
Bottom of the 7th over - 0 run(s), 0 hit(s), 0 error(s), 1 left on base; Tennessee 6 - Georgetown 1 |
TOP OF THE 8TH |
Tennessee Volunteers batting - Pitching for Georgetown Hoyas : RHP Brandon Lee
|
Batting: RHB John Jones
|
0-0: Fly out, F8 (Flyball, 8LM)
|
Batting: RHB Kevin Manning
|
0-0: Ball 1-0: Ball 2-0: DOUBLE (Flyball, 9LS)
|
Batting: RHB Travis Colbert
|
0-0: Ball 1-0: Ball 2-0: Called Strike 2-1: Foul Ball, location: 2F 2-2: Ball 3-2: Strikes out looking
|
Batting: RHB Tanner Albert
|
0-0: Swinging Strike 0-1: Ball 1-1: Fly out, F9 (Line Drive, 9S)
|
Top of the 8th over - 0 run(s), 1 hit(s), 0 error(s), 1 left on base; Tennessee 6 - Georgetown 1 |
BOTTOM OF THE 8TH |
Georgetown Hoyas batting - Pitching for Tennessee Volunteers : RHP Lorenzo Mesquit
|
Now at C: Tony Beck
|
|
Batting: LHB Chris Smith
|
0-0: Ball
|
|
|
|
1-0: Ball 2-0: Ball 3-0: Base on Balls
|
Batting: LHB Robinson Ordóñez
|
0-0: Ball 1-0: Called Strike 1-1: Foul Ball, location: 2F 1-2: Strikes out swinging
|
Batting: RHB James Anderson
|
0-0: Called Strike 0-1: Ball 1-1: Fly out, F8 (Line Drive, 89XD)
|
Pitching: RHP Miguel Muñóz
|
|
Batting: RHB Bob Lee
|
0-0: Foul Ball, location: 2F 0-1: Swinging Strike 0-2: 2-RUN HOME RUN (Flyball, 89XD), Distance : 366 ft
|
Batting: LHB José De La Cruz
|
0-0: Foul Ball, location: 2F 0-1: Ball 1-1: Called Strike 1-2: Strikes out swinging
|
Bottom of the 8th over - 2 run(s), 1 hit(s), 0 error(s), 0 left on base; Tennessee 6 - Georgetown 3 |
TOP OF THE 9TH |
Tennessee Volunteers batting - Pitching for Georgetown Hoyas : RHP Brandon Lee
|
Pitching: LHP Matt McCormick
|
|
Batting: LHB Bernardo Morales
|
0-0: Ball 1-0: Ball 2-0: Called Strike 2-1: Fly out, F8 (Flyball, 8LM)
|
Batting: RHB Mike Alexander
|
0-0: Foul Ball, location: 2F 0-1: Ball 1-1: Foul Ball, location: 2F 1-2: Foul Ball, location: 2F 1-2: Ball 2-2: Ball 3-2: Base on Balls
|
Batting: LHB Vernon Hill
|
0-0: Ball 1-0: Ball 2-0: Ball 3-0: Base on Balls Mike Alexander to second
|
Batting: RHB José Rosales
|
0-0: Ball 1-0: Ball 2-0: Ball 3-0: Called Strike 3-1: Base on Balls Mike Alexander to third Vernon Hill to second
|
Batting: RHB Dave Johnston
|
0-0: DOUBLE (Line Drive, 9LS) Mike Alexander scores Vernon Hill scores José Rosales to third Runner from 3rd tries for Home, SAFE, throw made home
|
Pitching: LHP Felipe Rivera
|
|
Batting: RHB John Jones
|
0-0: Ball 1-0: Ball 2-0: Foul Ball, location: 2F 2-1: Swinging Strike 2-2: Foul Ball, location: 2F 2-2: Ground out 6-3 (Groundball, 6M) Dave Johnston to third
|
Batting: RHB Kevin Manning
|
0-0: Ball 1-0: Called Strike 1-1: SINGLE (Flyball, 89S) Dave Johnston scores
|
Batting: RHB Travis Colbert
|
0-0: Ball 1-0: Ball 2-0: Ball 3-0: Base on Balls Kevin Manning to second
|
Batting: LHB Tony Beck
|
0-0: Called Strike 0-1: Ball 1-1: Ball 2-1: Ball 3-1: Base on Balls Kevin Manning to third Travis Colbert to second
|
Batting: LHB Bernardo Morales
|
0-0: Foul Ball, location: 2F 0-1: Foul Ball, location: 2F 0-2: Foul Ball, location: 2F 0-2: Ball 1-2: Fly out, F6 (Popup, 6M)
|
Top of the 9th over - 4 run(s), 2 hit(s), 0 error(s), 3 left on base; Tennessee 10 - Georgetown 3 |
BOTTOM OF THE 9TH |
Georgetown Hoyas batting - Pitching for Tennessee Volunteers : RHP Miguel Muñóz
|
Now at 1B: Miguel Gómez
|
|
Batting: RHB Hubert MacDonald
|
0-0: Ball 1-0: Swinging Strike 1-1: Foul Ball, location: 2F 1-2: Ball 2-2: Ball 3-2: Base on Balls
|
Batting: LHB Ken Bullard
|
0-0: Ball 1-0: Fly out, F8 (Flyball, 8LXD)
|
Batting: RHB Brian Harvey
|
0-0: Foul Ball, location: 2F 0-1: Ball 1-1: Ball 2-1: Ball 3-1: 2-RUN HOME RUN (Flyball, 7D), Distance : 357 ft
|
Batting: RHB Glenn Rojas
|
0-0: Foul Ball, location: 2F 0-1: Ball 1-1: Foul Ball, location: 2F 1-2: Ball 2-2: Foul Ball, location: 2F 2-2: Foul Ball, location: 2F 2-2: Foul Ball, location: 2F 2-2: Foul Ball, location: 2F 2-2: Foul Ball, location: 2F 2-2: SOLO HOME RUN (Flyball, 78XD), Distance : 369 ft
|
Pitching: RHP Danny Ramos
|
|
Batting: LHB Chris Smith
|
0-0: Called Strike 0-1: Ball 1-1: Swinging Strike 1-2: Ball 2-2: Strikes out looking
|
Batting: LHB Robinson Ordóñez
|
0-0: Called Strike 0-1: Foul Ball, location: 2F 0-2: Ball 1-2: DOUBLE (Flyball, 8LM)
|
Batting: RHB James Anderson
|
0-0: Fly out, F9 (Flyball, 9M)
|
Bottom of the 9th over - 3 run(s), 3 hit(s), 0 error(s), 1 left on base; Tennessee 10 - Georgetown 6 |
|
Monday, December 5th, 2016 - OOTP Baseball 17.12 Build 75
|
|